 Dungeon Crawl Stone Soup version 0.28.0-47-ge53b351184 (webtiles) character file.

Game seed: 10796524352621424848

54 Exodus22XD the Chopper (level 3, -4/34 HPs)
             Began as a Hill Orc Monk on May 7, 2022.
             Killed from afar by Sigmund (9 damage)
             ... with a magic dart
             ... on level 2 of the Dungeon.
             The game lasted 00:01:56 (2025 turns).

Exodus22XD the Chopper (Hill Orc Monk)              Turns: 2025, Time: 00:01:56

Health: -4/34      AC:  6    Str: 15    XL:     3   Next: 91%
Magic:  3/3        EV: 11    Int: 10    God:
Gold:   86         SH:  0    Dex: 13    Spells: 2/2 levels left

rFire   + . .      SeeInvis .   a - +0 hand axe
rCold   . . .      Faith    .   (no shield)
rNeg    . . .      Spirit   .   d - +0 ring mail
rPois   .          Reflect  .   (no helmet)
rElec   .          Harm     .   (no cloak)
rCorr   .          Rampage  .   (no gloves)
Will    .....                   f - +0 pair of boots
Stlth   +.........              (no amulet)
HPRegen 0.11/turn               b - ring of protection from fire
MPRegen 0.08/turn               (no ring)

@: no status effects
A: no striking features
a: no special abilities


You were on level 2 of the Dungeon.
You visited 1 branch of the dungeon, and saw 2 of its levels.

You collected 86 gold pieces.

Inventory:

Hand Weapons
 a - a +0 hand axe (weapon)
Armour
 d - a +0 ring mail (worn)
 f - a +0 pair of boots (worn)
Jewellery
 b - a ring of protection from fire (left hand)
Scrolls
 g - 2 scrolls of immolation {unknown}
 h - a scroll of noise {unknown}
Potions
 c - 3 potions of curing {unknown}
 e - a potion of heal wounds


   Skills:
 + Level 4.3 Fighting
 + Level 5.1 Axes
 * Level 1.6 Armour
 - Level 2.4 Dodging
 - Level 1.5 Stealth


You had 2 spell levels left.
You didn't know any spells.
Your spell library was empty.

Dungeon Overview and Level Annotations

Branches:
Dungeon (2/15)

Altars:

Annotations:
D:2 Sigmund


Message History

You hit Sigmund.
Sigmund is moderately wounded.
Sigmund gestures at you while chanting.
You are confused.
You bump into the rock wall.
Sigmund hits you but does no damage.
You hit Sigmund.
Sigmund is heavily wounded.
Sigmund screams, "I am the angel of ZOT!!!"
Sigmund hits you but does no damage.
You bump into the rock wall.
You bump into the rock wall.
Sigmund gestures at you while chanting.
You are more confused.
You bump into the rock wall.
Sigmund barely misses you.
You hit Sigmund but do no damage.
Sigmund is heavily wounded.
Sigmund hits you with a +0 scythe.
You bump into the rock wall.
You bump into the rock wall.
Sigmund barely misses you.
You bump into the rock wall.
Sigmund hits you with a +0 scythe.
You hit Sigmund but do no damage.
Sigmund is heavily wounded.
You feel less confused. Sigmund barely misses you.
Sigmund casts a spell at you. The puff of flame hits you. You resist.
You hit Sigmund.
Sigmund is severely wounded.
Sigmund completely misses you.
You hit Sigmund.
Sigmund is almost dead.
Sigmund hits you with a +0 scythe!
* * * LOW HITPOINT WARNING * * *
You barely miss Sigmund.
Sigmund is almost dead.
You hit Sigmund.
Sigmund is almost dead.
Sigmund casts a spell at you. The magic dart hits you!
You die...

##################
#...>.............
....##..###.........
##########..# #.##.#####
#.....@@....###.##.#####
......###...............
#.#.#.# #.#.###.##.#####
#.#.#.###.#.###.##.# #
#.#.#...#.#.....##.# #
#.#†....#.####...#.# #
#.......#.# #..<#.# #
#.###.###.#.####...#.# #
#.......#.#.......@..#
###


You could see Sigmund.

Vanquished Creatures
  2 dart slugs
  3 ball pythons
  2 endoplasms
  A giant cockroach (D:1)
  8 goblins
  2 hobgoblins (D:2)
  3 jackals (D:1)
  2 quokkas (D:2)
  9 bats
  2 frilled lizards (D:2)
  7 kobolds
  3 rats (D:1)
44 creatures vanquished.

Notes
Turn   | Place    | Note
-------+----------+-------------------------------------------
     0 | D:1      | Exodus22XD the Hill Orc Monk began the quest for the Orb.
     0 | D:1      | Reached XP level 1. HP: 19/19 MP: 1/1
   344 | D:1      | Reached XP level 2. HP: 27/27 MP: 2/2
   560 | D:1      | Reached skill level 1 in Armour
   792 | D:1      | Reached XP level 3. HP: 30/33 MP: 3/3
  1135 | D:2      | Noticed Sigmund
  1690 | D:2      | Reached skill level 5 in Axes
  2025 | D:2      | Killed from afar by Sigmund

Illustrated notes

Levels and vault maps discovered:
D:1:      lightli_arrival_boilingwater, layout_basic, grunt_decor_resistance,
          st_stairs_4, wad_floor_pattern_untrapped
D:2:      layout_basic, minmay_pentomino_v2, uniq_sigmund

Skill      XL: |  1  2  3 |
---------------+----------+-----
Fighting       | 4 |  4.3
Armour         | 1 |  1.6
Axes           | 5 |  5.1
Dodging        | |  2.4
Stealth        | |  1.5

Action                   || total
-------------------------++-------
Melee: Hand axe          ||   161
       Punch             ||     1
 Stab: Sleeping          ||     1
Armor: Ring mail         ||    61
Dodge: Dodged            ||   101
